 Dungeon Crawl Stone Soup version 0.22-a0-603-gfc1114d (webtiles) character file.

2940 Hebeh the Cleaver (level 9, -5/79 (80) HPs)
             Began as a Minotaur Fighter on July 7, 2018.
             Was a Believer of Trog.
             Slain by Erica
             ... wielding a +0 scimitar of flaming
              (12 damage)
             ... on level 8 of the Dungeon.
             The game lasted 00:20:22 (6005 turns).

Hebeh the Cleaver (Minotaur Fighter)                Turns: 6005, Time: 00:20:23

HP:   -5/79 (80)    AC:  8    Str: 25    XL:     9   Next: 51%
MP:   10/10         EV:  8    Int:  5    God:    Trog [**....]
Gold: 244           SH: 12    Dex:  9    Spells: 8/8 levels left

rFire    . . .     SeeInvis .   a - +4 spear (freeze)
rCold    . . .     Gourm    .   c - +1 shield
rNeg     . . .     Faith    +   b - +0 scale mail
rPois    .         Spirit   .   (helmet restricted)
rElec    .         Reflect  .   (no cloak)
rCorr    .         Harm     .   (no gloves)
MR       +....                  (no boots)
Stlth    ..........             m - amulet of faith
HPRegen  0.23/turn              A - ring of protection from magic
MPRegen  0.12/turn              s - +3 ring of slaying

@: about to teleport
A: retaliatory headbutt, horns 2
a: Berserk, Trog's Hand, Renounce Religion


You were on level 8 of the Dungeon.
You worshipped Trog.
Trog was pleased with you.
You were not hungry.

You visited 1 branch of the dungeon, and saw 8 of its levels.

You collected 374 gold pieces.
You spent 130 gold pieces at shops.

Inventory:

Hand Weapons
 a - a +4 spear of freezing (weapon)
 B - a +2 spear of piercing
 D - a +2 war axe
Missiles
 e - 266 stones
 j - 7 javelins (quivered)
 x - 28 sling bullets
Armour
 b - a +0 scale mail (worn)
 c - a +1 shield (worn)
Jewellery
 m - an amulet of faith (around neck)
 s - a +3 ring of slaying (right hand)
 u - an uncursed ring of resist corrosion
 A - a ring of protection from magic (left hand)
Wands
 n - a wand of polymorph (24)
 t - a wand of flame (19)
Scrolls
 p - a scroll of blinking
 q - 5 scrolls of remove curse
 y - a scroll of identify
 z - a scroll of magic mapping {unknown}
 E - 2 scrolls of enchant weapon
Potions
 d - 3 potions of might
 g - 2 potions of resistance
 i - 2 potions of agility
 k - a potion of invisibility
 l - 2 potions of lignification
 o - 3 potions of heal wounds
 r - 2 potions of haste
 v - 7 potions of curing
 w - a potion of magic {unknown}
Comestibles
 f - 13 rations
 C - a chunk of flesh


   Skills:
 + Level 7.7 Fighting
 - Level 8.1(9.0) Axes
 * Level 5.6(7.7) Polearms
 + Level 7.7 Armour
 + Level 7.7 Shields
 + Level 2.8 Evocations


You had 8 spell levels left.
You didn't know any spells.
Your spell library was empty.

Dungeon Overview and Level Annotations

Branches:
Dungeon (8/15)             Temple (0/1) D:7
   Lair: D:8-11

Altars:
Cheibriados
Trog

Shops:
D:4 !   D:6 %

Annotations:
D:8 Erica, Pikel


Innate Abilities, Weirdness & Mutations

You reflexively headbutt those who attack you in melee.
You have a pair of horns on your head.


Message History

Something burns you.
* * * LOW HITPOINT WARNING * * *
The phantom blinks!
You miss something. Pikel hits you but does no damage.
The slave barely misses you.
A jackal comes into view.
The jackal barks!
You hit something. You freeze something.
You hear a shout!
Something hits you.
* * * LOW HITPOINT WARNING * * *
Something burns you.
* * * LOW HITPOINT WARNING * * *
The kobold barely misses you. Pikel hits you but does no damage.
The kobold hits you.
* * * LOW HITPOINT WARNING * * *
The slave hits you but does no damage.
As you read the scroll of teleportation, it crumbles to dust.
You feel strangely unstable. Something hits you!
You die...

........# .# .######.#
.# .# #.# )# .# #.#
##h## ## #.# #(..#
#.## #p..####.
#####..## #hp......
#.......######KK.####.
#.###...##...K@.......
#.........#
#..#.####.#...#.###
#..#.# #.#.......
......# #.#...#.###
#.#..### #.#!..#>#
.... #....!. #
####.###


You could see Pikel, a phantom, 3 slaves, 2 jackals and 2 kobolds.

Vanquished Creatures
  Sigmund (D:7)
  A wyvern (D:5)
  Eustachio (D:4)
  Edmund (D:7)
  An ice beast (D:7)
  An orc warrior (D:6)
  A sky beast (D:5)
  3 ogres
  A necrophage (D:6)
  2 phantoms
  2 centaurs (D:6)
  A crocodile (D:8)
  A big kobold (D:6)
  2 bullfrogs (D:6)
  3 scorpions
  2 howler monkeys (D:8)
  4 wights (D:7)
  A bullfrog zombie (D:5)
  2 crimson imps
  An orc priest (D:5)
  2 hounds (D:7)
  A jelly (D:5)
  A gnoll shaman (D:6)
  A bullfrog skeleton (D:6)
  4 orc wizards
  Natasha (thrice) (D:4)
  2 iguanas (D:5)
  3 worker ants
  A hound zombie (D:7)
  4 gnolls (D:4)
  8 adders
  3 shadow imps
  An ooze (D:4)
  2 worms
  2 dart slugs (D:1)
  5 leopard geckos
  8 orcs
  3 bats (D:1)
  A giant cockroach (D:2)
  6 goblins
  6 hobgoblins
  A quokka (D:7)
  2 frilled lizards
  11 kobolds
  2 leopard gecko skeletons
  A leopard gecko zombie (D:6)
  14 rats
130 creatures vanquished.

Notes
Turn   | Place    | Note
-------+----------+-------------------------------------------
     0 | D:1      | Hebeh the Minotaur Fighter began the quest for the Orb.
     0 | D:1      | Reached XP level 1. HP: 19/19 MP: 0/0
   209 | D:1      | Reached XP level 2. HP: 24/27 MP: 1/1
   214 | D:1      | Reached skill level 3 in Axes
   758 | D:2      | Reached XP level 3. HP: 28/33 MP: 2/2
  1850 | D:3      | Reached XP level 4. HP: 40/40 MP: 3/3
  1899 | D:4      | Noticed Eustachio
  1975 | D:4      | Killed Eustachio
  1975 | D:4      | Reached skill level 4 in Axes
  1975 | D:4      | Reached XP level 5. HP: 47/47 MP: 4/4
  2019 | D:4      | Found Everub's Distillery.
  2027 | D:4      | Bought 2 potions of heal wounds for 100 gold pieces
  2027 | D:4      | Bought a potion of lignification for 30 gold pieces
  2096 | D:4      | Reached skill level 5 in Axes
  2121 | D:4      | Reached XP level 6. HP: 51/55 MP: 5/5
  2261 | D:4      | Noticed Natasha
  2264 | D:4      | Killed Natasha
  2264 | D:4      | Reached skill level 5 in Armour
  2305 | D:4      | Reached skill level 5 in Fighting
  2326 | D:4      | Noticed a moth of wrath
  2326 | D:4      | Noticed Natasha
  2330 | D:4      | Killed Natasha
  2330 | D:4      | Reached skill level 5 in Shields
  2331 | D:4      | Found a bloodstained altar of Trog.
  2360 | D:4      | Became a worshipper of Trog the Wrathful
  2550 | D:4      | Noticed Natasha
  2578 | D:4      | Killed Natasha
  2873 | D:5      | Entered Level 5 of the Dungeon
  3086 | D:5      | Noticed a sky beast
  3091 | D:5      | Killed a sky beast
  3091 | D:5      | Reached skill level 6 in Axes
  3091 | D:5      | Reached XP level 7. HP: 51/61 MP: 6/6
  3226 | D:5      | Noticed a wyvern
  3232 | D:5      | Killed a wyvern
  3429 | D:5      | Reached skill level 7 in Axes
  3981 | D:6      | Reached * piety under Trog
  3981 | D:6      | Reached XP level 8. HP: 69/69 MP: 7/7
  4098 | D:6      | Found a snail-covered altar of Cheibriados.
  4153 | D:6      | Reached skill level 8 in Axes
  4467 | D:6      | Reached skill level 1 in Polearms
  4531 | D:6      | Found Tetufub's Food Shoppe.
  4689 | D:6      | Reached skill level 1 in Evocations
  4996 | D:7      | Reached ** piety under Trog
  5149 | D:7      | Noticed Edmund
  5160 | D:7      | Killed Edmund
  5160 | D:7      | Reached XP level 9. HP: 69/78 MP: 9/9
  5252 | D:7      | Noticed Sigmund
  5261 | D:7      | Killed Sigmund
  5562 | D:7      | Found a staircase to the Ecumenical Temple.
  5834 | D:7      | Reached skill level 5 in Polearms
  5987 | D:8      | Noticed Pikel
  5988 | D:8      | Noticed Erica
  6005 | D:8      | Slain by Erica

Vault maps used:
D:1:      dpeg_arrival_water_fire
D:4:      tgw_trog, first_ration, serial_shops, shop_fountains, uniq_eustachio,
          uniq_natasha
D:6:      serial_shops, shop, st_stairs_3, cheibriados_altar_1
D:7:      minmay_temple_entry_statues_pillars, grunt_ogre_cave,
          sigmund_edmund_badplayer
D:8:      uniq_erica, uniq_pikel

Skill      XL: |  1  2  3  4  5  6  7  8  9 |
---------------+----------------------------+-----
Axes           | 3 4 5 6 7 8 |  8.1
Fighting       | 4 5 6 7 |  7.7
Armour         | 4 5 6 7 |  7.7
Shields        | 4 5 6 7 |  7.7
Polearms       | 3 5 |  5.6
Evocations     | 1 2 |  2.8

Action                   |  1- 3 |  4- 6 |  7- 9 || total
-------------------------+-------+-------+-------++-------
Melee: War axe           |   100 |    55 |    68 ||   223
       Headbutt          |    17 |     6 |    34 ||    57
       Unarmed           |       |    25 |       ||    25
       Spear             |       |       |   159 ||   159
  Use: Scroll            |       |     6 |    14 ||    20
  Eat: Chunk             |     3 |     4 |     6 ||    13
       Ration            |       |       |     1 ||     1
Armor: Scale mail        |    44 |    14 |    30 ||    88
Dodge: Dodged            |    24 |    22 |    38 ||    84
Block: Shield            |    52 |    25 |    75 ||   152

Table legend:
 A = Spawn XP
 B = Non-spawn XP
 C = Spawn XP percentage of total XP
 D = Spawn monster count
 E = Non-spawn monster count
 F = Spawn count percentage of total count
 G = Total turns spent on level
                    A         B        C        D         E        F      G
               +---------+---------+-------+---------+---------+-------+---------
         Total |       0 |    4200 |   0.0 |       0 |     130 |   0.0 |  6005
               +---------+---------+-------+---------+---------+-------+---------
           D:1 |       0 |      39 |   0.0 |       0 |      22 |   0.0 |   747
           D:2 |       0 |      43 |   0.0 |       0 |      12 |   0.0 |   607
           D:3 |       0 |      15 |   0.0 |       0 |       8 |   0.0 |   601
           D:4 |       0 |     454 |   0.0 |       0 |      17 |   0.0 |   918
           D:5 |       0 |     698 |   0.0 |       0 |      16 |   0.0 |  1053
           D:6 |       0 |    1142 |   0.0 |       0 |      26 |   0.0 |   980
           D:7 |       0 |    1378 |   0.0 |       0 |      20 |   0.0 |   996
           D:8 |       0 |     431 |   0.0 |       0 |       9 |   0.0 |   103
               +---------+---------+-------+---------+---------+-------+---------
